 Dungeon Crawl Stone Soup version 0.26-b1-32-g5d43845318 (webtiles) character file.

Game seed: 16711618108139665079

3750 Arum the Fighter (level 10, -13/83 HPs)
             Began as a Formicid Fighter on Jan 11, 2021.
             Was a Follower of Okawaru.
             Mangled by a two-headed ogre
             ... wielding a +0 giant club
              (14 damage)
             ... on level 8 of the Dungeon.
             The game lasted 00:11:29 (7807 turns).

Arum the Fighter (Formicid Fighter)                 Turns: 7807, Time: 00:11:31

Health: -13/83     AC: 13    Str: 21    XL:     10   Next: 37%
Magic:  0/10       EV:  9    Int: 14    God:    Okawaru [*.....]
Gold:   345        SH: 11    Dex: 13    Spells: 9/9 levels left

rFire    . . .     SeeInvis +   a - +1 quarterstaff
rCold    . . .     Faith    .   c - +0 kite shield
rNeg     . . .     Spirit   +   j - +3 scale mail {Will+}
rPois    .         Reflect  .   (helmet unavailable)
rElec    .         Harm     .   (no cloak)
rCorr    .         Rampage  .   m - +0 pair of gloves
Will     ++...                  q - +0 pair of boots
Stlth    ..........             f - amulet of guardian spirit
HPRegen  0.23/turn              l - +6 ring of intelligence
MPRegen  0.12/turn              (no ring)

@: no status effects
A: permanent stasis, dig shafts and tunnels, four strong arms, antennae 3
a: Dig, Shaft Self, Renounce Religion, Heroism


You were on level 8 of the Dungeon.
You worshipped Okawaru.
Okawaru was aware of your devotion.
You visited 2 branches of the dungeon, and saw 9 of its levels.
You also visited: Sewer and Ossuary.

You collected 345 gold pieces.

Inventory:

Hand Weapons
 a - a +1 quarterstaff (weapon)
Missiles
 y - 2 throwing nets
Armour
 c - a +0 kite shield (worn)
 j - a +3 scale mail of willpower (worn)
 m - a +0 pair of gloves (worn)
 q - a +0 pair of boots (worn)
Jewellery
 f - an amulet of guardian spirit (around neck)
 l - a +6 ring of intelligence (left hand)
 I - an uncursed ring of ice
Wands
 v - a wand of random effects (30)
 z - a wand of flame (21)
 E - a wand of enslavement (5)
 G - a wand of digging (10)
Scrolls
 h - a scroll of amnesia
 k - 10 scrolls of teleportation
 o - 4 scrolls of fear
 s - a scroll of enchant weapon
 t - 7 scrolls of remove curse
Potions
 b - a potion of lignification {unknown}
 d - 3 potions of might
 e - 5 potions of magic
 g - 9 potions of attraction
 i - 2 potions of degeneration {unknown}
 n - 5 potions of brilliance
 p - 2 potions of curing
 r - 5 potions of mutation
 u - 2 potions of ambrosia
 w - 2 potions of haste {unknown}
 B - a potion of heal wounds {unknown}
 H - 2 potions of resistance {unknown}


   Skills:
 + Level 9.4 Fighting
 + Level 8.3 Staves
 + Level 6.8 Armour
 - Level 9.0 Shields


You had 9 spell levels left.
You didn't know any spells.
Your spell library contained the following spells:

 Spells                   Type           Power        Failure   Level
 Corona                   Hex            0%           56%         1
 Foxfire                  Conj/Fire      0%           56%         1
 Summon Small Mammal      Summ           0%           56%         1
 Call Imp                 Summ           0%           71%         2
 Ensorcelled Hibernation  Hex/Ice        0%           71%         2
 Call Canine Familiar     Summ           0%           91%         3
 Confusing Touch          Hex            0%           91%         3
 Conjure Flame            Conj/Fire      0%           91%         3
 Dazzling Flash           Conj/Hex       0%           91%         3
 Inner Flame              Hex/Fire       0%           91%         3
 Summon Guardian Golem    Hex/Summ       0%           91%         3
 Tukima's Dance           Hex            0%           91%         3
 Sticky Flame             Conj/Fire      0%           100%        4
 Summon Ice Beast         Ice/Summ       0%           100%        4
 Summon Lightning Spire   Summ/Air       0%           100%        4
 Fireball                 Conj/Fire      0%           100%        5


Dungeon Overview and Level Annotations

Branches:
Dungeon (8/15)             Temple (1/1) D:6           Sewer (visited)
Ossuary (visited)
   Lair: D:8-11

Altars:
Ashenzari
Cheibriados
Dithmenos
Elyvilon
Fedhas
Gozag
Hepliaklqana
Kikubaaqudgha
Makhleb
Nemelex Xobeh
Okawaru
Qazlal
Ru
Sif Muna
Trog
Uskayaw
Vehumet
Wu Jian
Xom
Yredelemnul
Zin
The Shining One

Shops:
D:4 }:

Annotations:
D:4 2 transporters, trianova's ghost, amateur TeCj


Innate Abilities, Weirdness & Mutations

You cannot be hasted, slowed, berserked, paralysed or teleported.
You can dig through walls and to a lower floor.
Your four strong arms can wield two-handed weapons with a shield.
You have a pair of large antennae on your head. (SInv)


Message History

You block the two-headed ogre's attack.
The two-headed ogre hits you with a +0 giant club!
* * * LOW HITPOINT WARNING * * *
Evoke which item? (* to show all) (? for menu, Esc to quit)
Aiming: Random Effects
Press: ? - help, Shift-Dir - straight line, f/p - two-headed ogre
Aim: a two-headed ogre, wielding two +0 giant clubs (heavily wounded, fast, lightly drained) Nothing appears to happen.
The two-headed ogre hits you but does no damage.
The two-headed ogre hits you with a +0 giant club!
* * * LOW HITPOINT WARNING * * *
Unknown command.
Okay, then.
Evoke which item? (* to show all) (? for menu, Esc to quit)
Aiming: Enslavement
Press: ? - help, Shift-Dir - straight line, f/p - two-headed ogre
Aim: a two-headed ogre, wielding two +0 giant clubs (heavily wounded, fast, lightly drained, chance to affect: 32%)
The two-headed ogre easily resists.
You block the two-headed ogre's attack.
The two-headed ogre hits you with a +0 giant club!
You die...

#.#..# # #....#
. #.##.# #
#.##.# # #.##.#
# #.# .# # #.#
..
########.####
......O@...#
.........$....#
...........####
.###########
########
#.......


You could see a two-headed ogre (fast, drained).

Vanquished Creatures
  Grinder (D:3)
  A hornet (D:8)
  A water moccasin (D:6)
  Duvessa (D:6)
  A sky beast (D:6)
  A phantom (D:7)
  A necrophage (D:6)
  3 centaurs
  6 ogres
  A big kobold (D:7)
  3 bullfrogs
  An elf zombie (Ossuary)
  Dowan (D:6)
  A scorpion (D:8)
  3 wights (D:6)
  6 howler monkeys
  8 hounds
  2 centaur zombies (Ossuary)
  A human zombie (Ossuary)
  7 orc priests
  4 iguanas
  4 orc wizards
  2 bullfrog skeletons
  Terence (D:2)
  Ijyb (D:3)
  4 worker ants
  A killer bee zombie (D:7)
  A big kobold zombie (Ossuary)
  A hound skeleton (D:8)
  2 mummies (Ossuary)
  17 adders
  2 white imps
  An ufetubus (D:6)
  2 oozes
  3 worms
  2 leopard geckos
  22 orcs
  9 giant cockroaches
  3 goblins
  10 hobgoblins
  15 jackals
  10 kobolds
  3 quokkas
  4 ball pythons (Sewer)
  9 bats
  9 frilled lizards
  10 hobgoblin zombies (Ossuary)
  A jackal skeleton (D:5)
  3 jackal zombies (Ossuary)
  7 kobold zombies (Ossuary)
  10 orc zombies (Ossuary)
  A quokka zombie (D:5)
  3 rats
  2 rat zombies (Ossuary)
229 creatures vanquished.

Notes
Turn   | Place    | Note
-------+----------+-------------------------------------------
     0 | D:1      | Arum the Formicid Fighter began the quest for the Orb.
     0 | D:1      | Reached XP level 1. HP: 18/18 MP: 1/1
    41 | D:1      | Reached XP level 2. HP: 24/24 MP: 2/2
   350 | D:1      | Reached XP level 3. HP: 25/29 MP: 3/3
   697 | D:2      | Found a sacrificial altar of Ru.
   754 | D:2      | Reached XP level 4. HP: 37/37 MP: 2/4
   949 | D:2      | Reached XP level 5. HP: 26/42 MP: 3/5
  1131 | D:2      | Noticed Terence
  1148 | D:2      | Killed Terence
  1672 | D:3      | Found a glowing drain.
  1681 | Sewer    | Entered a sewer
  1839 | Sewer    | Reached XP level 6. HP: 42/49 MP: 4/6
  1969 | Sewer    | Reached skill level 5 in Shields
  2484 | D:3      | Noticed Ijyb
  2485 | D:3      | Noticed Grinder
  2497 | D:3      | Killed Ijyb
  2525 | D:3      | Killed Grinder
  2526 | D:3      | Reached skill level 5 in Fighting
  2526 | D:3      | Reached skill level 5 in Armour
  2526 | D:3      | Reached XP level 7. HP: 19/56 MP: 7/7
  2770 | D:3      | Found a basalt altar of Yredelemnul.
  3018 | D:4      | Found Emeranoo's Gadget Emporium.
  3095 | D:4      | Reached XP level 8. HP: 11/64 MP: 1/8
  3095 | D:4      | HP: 3/64 [shot self (8)]
  3449 | D:4      | Reached skill level 5 in Staves
  3583 | D:4      | Found a transporter.
  3584 | D:4      | Noticed trianova's ghost (amateur TeCj)
  3585 | D:4      | Found a transporter.
  3585 | D:4      | Identified the cursed +1 dire flail "Quajah" {vamp, Str+2}
  3719 | D:4      | Found Juevvo's Book Shoppe.
  4001 | D:5      | Entered Level 5 of the Dungeon
  4722 | D:6      | Reached XP level 9. HP: 62/72 MP: 6/9
  5309 | D:6      | Found a staircase to the Ecumenical Temple.
  5323 | Temple   | Entered the Ecumenical Temple
  5411 | Temple   | Became a worshipper of Warmaster Okawaru
  5562 | D:6      | Noticed Dowan
  5563 | D:6      | Noticed Duvessa
  5585 | D:6      | Killed Duvessa
  5594 | D:6      | Killed Dowan
  6427 | D:7      | Reached XP level 10. HP: 71/82 MP: 8/10
  6668 | D:7      | Reached * piety under Okawaru
  7139 | D:8      | Found a sand-covered staircase.
  7146 | Ossuary  | Entered an ossuary
  7798 | D:8      | Noticed a two-headed ogre
  7806 | D:8      | HP: 1/83 [two-headed ogre/+0 giant club (7)]
  7807 | D:8      | Mangled by a two-headed ogre

Illustrated notes

Levels and vault maps discovered:
D:1:      lemuel_arrival_lava_pool, layout_rooms,
          hangedman_decor_clover_reticule
D:2:      layout_basic, hangedman_ru_absence, uniq_terence
D:3:      layout_loops_cross, yredelemnul_altar_generic, portal_sewer_entry_d,
          minmay_misc_feat_enclosed, uniq_grinder, uniq_ijyb
D:4:      layout_gridville, serial_shops, nicolae_shop_stone,
          nicolae_shop_crystal, gammafunk_ghost_smash
D:5:      layout_rooms
D:6:      layout_loops_ring, minmay_temple_entry_slanted, uniq_duvessa
D:7:      layout_loops_corners
D:8:      layout_loops_ring, enter_ossuary_2
Temple:   nicolae_temple_the_god_donut

Skill      XL: |  1  2  3  4  5  6  7  8  9 10 |
---------------+-------------------------------+-----
Shields        | 4 5 6 7 9 |  9.0
Armour         | 4 5 6 |  6.8
Fighting       | 4 5 7 8 9 |  9.4
Staves         | 3 4 5 7 8 |  8.3

Action                   |  1- 3 |  4- 6 |  7- 9 | 10-12 || total
-------------------------+-------+-------+-------+-------++-------
Melee: Quarterstaff      |    74 |   220 |   457 |   215 ||   966
 Abil: Dig               |     1 |     1 |     2 |       ||     4
Evoke: Wand              |       |       |     2 |     8 ||    10
  Use: Scroll            |       |       |       |    17 ||    17
Armor: Scale mail        |    34 |    85 |   153 |    50 ||   322
Dodge: Dodged            |    27 |    72 |   141 |    41 ||   281
Block: Kite shield       |    48 |   118 |   276 |    87 ||   529
